 Dungeon Crawl Stone Soup version 0.30-a0-1123-gabc949cf19 (webtiles) character file.

Game seed: 10541370768576464799

1705 lorenzova the Thaumaturge (level 8, -6/41 HPs)
             Began as a Deep Elf Conjurer on Apr 22, 2023.
             Was an Initiate of Vehumet.
             Killed from afar by Edmund (18 damage)
             ... with a bolt of dispelling energy
             ... on level 5 of the Dungeon.
             The game lasted 00:12:10 (5282 turns).

lorenzova the Thaumaturge (Deep Elf Conjurer)       Turns: 5282, Time: 00:12:11

Health: -6/41      AC:  5    Str:  4    XL:     8   Next: 73%
Magic:  10/24      EV: 12    Int: 26    God:    Vehumet [......]
Gold:   291        SH:  0    Dex: 13    Spells: 16/27 levels left

rFire   . . .        p - +5 falchion "Avuad" {vamp, rC+ Will+}
rCold   + . .        (no shield)
rNeg    . . .        c - +0 steam dragon scales
rPois   .            (no helmet)
rElec   .            (no cloak)
rCorr   .            (no gloves)
SInv    +            (no boots)
Will    +....        (no amulet)
Stlth   ++           q - ring of see invisible
HPRegen 0.26/turn    r - ring of flight
MPRegen 0.19/turn

%: no passive effects
@: flying, very slightly contaminated
A: no striking features
a: Renounce Religion


You were on level 5 of the Dungeon.
You worshipped Vehumet.
Vehumet was noncommittal.
You visited 2 branches of the dungeon, and saw 8 of its levels.

You collected 327 gold pieces.
You spent 36 gold pieces at shops.

Inventory:

Hand Weapons
 k - a +0 scythe
 o - the +6 shillelagh "Devastator" {shatter}
   (You found it on level 3 of the Dungeon)
 p - the +5 falchion "Avuad" (weapon) {vamp, rC+ Will+}
   (You found it on level 3 of the Dungeon)

   rC:        It protects you from cold.
   Will:      It increases your willpower.
Armour
 a - a +0 robe
 c - +0 steam dragon scales (worn)
 m - a +2 robe of willpower
Magical Staves
 s - a staff of fire
Jewellery
 q - a ring of see invisible (left hand)
 r - a ring of flight (right hand)
Wands
 v - a wand of digging (6)
Scrolls
 e - 2 scrolls of noise
 f - 2 scrolls of immolation
 i - 3 scrolls of teleportation
 j - a scroll of enchant weapon
 n - a scroll of magic mapping
 t - 2 scrolls of summoning
 y - 3 scrolls of amnesia
Potions
 b - 3 potions of magic
 d - a potion of resistance
 g - a potion of attraction
 h - 2 potions of curing
 l - a potion of lignification {unknown}
 u - a potion of mutation {unknown}
 x - a potion of flight {unknown}


   Skills:
 - Level 2.4 Dodging
 - Level 2.4 Stealth
 * Level 10.2 Spellcasting
 * Level 9.3 Conjurations
 + Level 3.0 Hexes
 + Level 2.5 Translocations


You had 16 spell levels left.
You knew the following spells:

 Your Spells              Type           Power      Damage    Failure   Level
a - Magic Dart            Conj           100%       1d8       1%          1
b - Searing Ray           Conj           100%       2d8       1%          2
c - Iskenderun's Mystic   Conj/Tloc      44%        2d10      3%          4
d - Fulminant Prism       Conj/Hex       22%        3d12      3%          4

Your spell library contained the following spells:

 Spells                   Type           Power      Damage    Failure   Level
 Kiss of Death            Conj/Necr      100%       2d13      1%          1
 Dazzling Flash           Conj/Hex       90%        N/A       1%          3
 Confusing Touch          Hex            28%        N/A       4%          3
 Sublimation of Blood     Necr           13%        N/A       7%          2
 Wereblood                Tmut           13%        N/A       7%          2
 Ignite Poison            Fire/Tmut/Pois 13%        N/A       14%         3
 Dispel Undead            Necr           13%        3d9       41%         4
 Blade Hands              Tmut           6%         N/A       77%         5
 Summon Hydra             Summ           6%         N/A       100%        7
 Polar Vortex             Ice            6%         N/A       100%        9


Dungeon Overview and Level Annotations

Branches:
Dungeon (7/15)             Temple (1/1) D:4

Altars:
Ashenzari
Cheibriados
Elyvilon
Fedhas
Gozag
Hepliaklqana
Kikubaaqudgha
Makhleb
Nemelex Xobeh
Okawaru
Ru
Trog
Vehumet
Wu Jian
Zin
The Shining One

Shops:
D:1 !   D:4 (

Annotations:
D:5 Edmund


Message History

Edmund is heavily wounded.
Casting: Fulminant Prism (dangerous; 3% risk of failure)
Confirm with . or Enter, or press ? or * to list all spells.
Aiming: Fulminant Prism (dangerous; 3% risk of failure)
Press: ? - help, Dir - move target You miscast Fulminant Prism.
You are very lightly contaminated with residual magic.
Multicoloured lights dance before your eyes.
You feel yourself slow down.
Edmund zaps a wand.
The bolt of dispelling energy hits you!
Your magical effects are unravelling.
You feel yourself speed up.
A phantom comes into view.
There is a stone staircase leading down, spattered with blood here.
Casting: Fulminant Prism (dangerous; 3% risk of failure)
Confirm with . or Enter, or press ? or * to list all spells.
Aiming: Fulminant Prism (dangerous; 3% risk of failure)
Press: ? - help, Dir - move target You conjure a prism of explosive energy!
A fulminant prism comes into view.
Edmund zaps a wand.
The bolt of dispelling energy hits you!!
* * * LOW HITPOINT WARNING * * *
Your fulminant prism crackles loudly.
Your fulminant prism explodes!
The blast of energy engulfs Edmund!!
Edmund is almost dead.
You hear a croak.
Unknown command.
Casting: Fulminant Prism (dangerous; 3% risk of failure)
Confirm with . or Enter, or press ? or * to list all spells.
Aiming: Fulminant Prism (dangerous; 3% risk of failure)
Press: ? - help, Dir - move target You conjure a prism of explosive energy!
A fulminant prism comes into view.
Edmund zaps a wand.
The bolt of dispelling energy hits your fulminant prism!
Your fulminant prism detonates feebly.
The bolt of dispelling energy hits you!!
You die...

♣PP♣P~~~~P♣♣♣### ##.
..♣ ♣♣~.P♣♣♣ #.. #.#
♣♣~♣♣ #.# ... ♣♣~P♣
#.# #.# ♣P~~♣ #.# #.#
♣~.~♣ #.# #.# ##..#
#.# #######.#######.#
#.# .......@..>.@...#
#..
####.......###.....~~~
### #.##)...#
....~~~≈≈ #
#....##...~≈≈≈≈≈
#....##..~~≈≈~~~
...W..##..~≈~~.<.
###.#####.~~≈≈P.P. #.#
#.≈≈≈~P._P #.


You could see Edmund.

Vanquished Creatures
  Pikel (D:6)
  Sigmund (D:2)
  A water moccasin (D:4)
  An orc warrior (D:4)
  2 lemures (D:6)
  3 scorpions
  2 howler monkeys (D:7)
  A vampire bat (D:3)
  2 orc priests (D:4)
  A jelly (D:4)
  2 hounds
  2 sleepcaps (D:5)
  2 orc wizards (D:4)
  3 iguanas (D:5)
  3 gnolls (D:3)
  6 adders
  2 worms
  A dart slug (D:1)
  3 fire bats (D:3)
  19 orcs
  2 spectral bats (D:3)
  3 bat skeletons (D:3)
  A bat zombie (D:3)
  9 endoplasms
  4 giant cockroaches
  9 goblins
  4 hobgoblins
  2 jackals (D:4)
  3 quokkas
  6 ball pythons
  9 bats (D:3)
  A bat simulacrum (D:3)
  2 frilled lizards
  6 kobolds
  8 rats
127 creatures vanquished.

Vanquished Creatures (others)
  6 fulminant prisms
  11 plants (D:5)
17 creatures vanquished.

Grand Total: 144 creatures vanquished

Notes
Turn   | Place    | Note
-------+----------+-------------------------------------------
     0 | D:1      | lorenzova the Deep Elf Conjurer began the quest for the
                  | Orb.
     0 | D:1      | Reached XP level 1. HP: 10/10 MP: 6/6
   217 | D:1      | Reached XP level 2. HP: 15/15 MP: 5/8
   247 | D:1      | Learned a level 2 spell: Searing Ray
   344 | D:1      | Found Nurhued's Distillery.
   350 | D:1      | Bought a potion of curing for 36 gold pieces
  1053 | D:2      | Reached skill level 4 in Spellcasting
  1105 | D:2      | Noticed Sigmund
  1113 | D:2      | Killed Sigmund
  1114 | D:2      | Reached skill level 5 in Spellcasting
  1114 | D:2      | Reached XP level 3. HP: 2/19 MP: 1/12
  1114 | D:2      | Reached XP level 4. HP: 3/24 MP: 1/13
  1114 | D:2      | Reached XP level 5. HP: 4/28 MP: 1/15
  2108 | D:3      | Reached skill level 6 in Spellcasting
  2524 | D:3      | Found the +6 shillelagh "Devastator" {shatter}
  2528 | D:3      | Reached XP level 6. HP: 32/32 MP: 14/17
  2643 | D:3      | Identified the +5 falchion "Avuad" {vamp, rC+ Will+}
  3103 | D:3      | Reached skill level 7 in Spellcasting
  3145 | D:4      | You are sucked into a shaft and drop 3 floors!
  3268 | D:6      | Noticed Pikel
  3279 | D:6      | Killed Pikel
  3280 | D:6      | Reached skill level 8 in Spellcasting
  3280 | D:6      | Reached XP level 7. HP: 17/36 MP: 6/21
  3458 | D:6      | Reached skill level 9 in Spellcasting
  3494 | D:6      | Learned a level 4 spell: Iskenderun's Mystic Blast
  3499 | D:6      | Learned a level 4 spell: Fulminant Prism
  3536 | D:5      | Entered Level 5 of the Dungeon
  3561 | D:5      | Reached XP level 8. HP: 37/41 MP: 20/23
  3570 | D:5      | Reached skill level 1 in Hexes
  3576 | D:5      | Reached skill level 1 in Translocations
  3792 | D:5      | Identified the +1 chain mail "Popraunn" {-Cast Harm rC+
                  | rCorr}
  3944 | D:4      | Found a burning altar of Makhleb.
  4055 | D:4      | Found Ywiladao's Antique Weapon Emporium.
  4106 | D:4      | Got the Catalogue of Snow and Changes
  4428 | D:4      | Found a staircase to the Ecumenical Temple.
  4461 | D:4      | Reached skill level 10 in Spellcasting
  4472 | Temple   | Entered the Ecumenical Temple
  4553 | Temple   | Became a worshipper of Vehumet
  5118 | D:5      | Found a blossoming altar of Fedhas.
  5272 | D:5      | Noticed Edmund
  5282 | D:5      | Killed from afar by Edmund

Illustrated notes

Levels and vault maps discovered:
D:1:      tarquinn_simple_flora_water_c, layout_loops_ring, serial_shops,
          nicolae_diamond_shop
D:2:      layout_loops_ring, uniq_sigmund
D:3:      layout_rooms, goddamned_bats
D:4:      layout_cave_pods, bloody_makhleb, temple_fountains, serial_shops, shop
D:5:      layout_loops_cross, fedhas_ov_isle_minmay, serial_bayou,
          serial_bayou_shore_a, serial_bayou_crossing, serial_bayou_lagoon_a,
          serial_bayou_lake_a, chequers_avenue,
          nicolae_concentric_dashed_squares_wild, uniq_edmund,
          uniq_prince_ribbit1
D:6:      layout_gridville, grunt_decor_mini_mirrors, uniq_pikel
D:7:      layout_layer_cave, serial_shops, nicolae_shop_back_alley_shop,
          dreamdust_princess_corridor, kb_lookout_dungeons_type
Temple:   jpeg_temple_clearing

Skill      XL: |  1  2  3  4  5  6  7  8 |
---------------+-------------------------+-----
Spellcasting   | 5 6 8 9 10 | 10.2
Conjurations   | 6 8 9 |  9.3
Hexes          | 3 |  3.0
Translocations | 2 |  2.5
Dodging        | |  2.4
Stealth        | |  2.4

Action                     |  1- 3 |  4- 6 |  7- 9 || total
---------------------------+-------+-------+-------++-------
  Melee: Halberd           |       |     4 |       ||     4
         Falchion          |       |    12 |    45 ||    57
         Shillelagh        |       |     4 |       ||     4
   Cast: Magic Dart        |    47 |    99 |    12 ||   158
         Searing Ray       |     2 |    10 |    13 ||    25
         Fulminant Prism   |       |       |     6 ||     6
         Iskenderun's Myst |       |       |     1 ||     1
    Use: Scroll            |     2 |     3 |     5 ||    10
         Potion            |       |     1 |       ||     1
   Stab: Sleeping          |       |     1 |       ||     1
         Distracted        |       |       |     1 ||     1
 Armour: Steam dragon scal |       |    30 |    31 ||    61
  Dodge: Dodged            |     1 |    54 |    50 ||   105

Table legend: (Time is in decaauts)
 A = Elapsed time spent in this place.
 B = Non-inter-level travel time spent in this place.
 C = Inter-level travel time spent in this place.
 D = Time resting spent in this place.
 E = Time spent auto-exploring this place.
 F = Levels seen in this place.
 G = Mean time per level.
                   A        B        C        D        E       F      G
               +--------+--------+--------+--------+--------+-----+--------+
         Total |   5300 |   5135 |    165 |   2127 |   2079 |   8 |  662.5 |
       Dungeon |   5139 |   5040 |     99 |   2127 |   2003 |   7 |  734.1 |
        Temple |    160 |     95 |     65 |      0 |     76 |   1 |  160.0 |
               +--------+--------+--------+--------+--------+-----+--------+

Top non-repeatable levels by time:
     D:3: 1165 daAuts
     D:4: 1105 daAuts
     D:2: 1015 daAuts
     D:1: 968 daAuts
     D:5: 494 daAuts
     D:6: 353 daAuts
  Temple: 160 daAuts
     D:7: 36 daAuts
